 Dungeon Crawl Stone Soup version 0.30-a0-223-gcb0039aa0c (webtiles) character file.

Game seed: 14720230400078859851

7 qw the Shield-Bearer (level 2, -5/19 HPs)
             Began as a Gargoyle Fighter on Oct 9, 2022.
             Slain by a kobold
             ... wielding a +0 whip of distortion
              (6 damage)
             ... on level 1 of the Dungeon.
             The game lasted 00:00:04 (170 turns).

qw the Shield-Bearer (Gargoyle Fighter)              Turns: 170, Time: 00:00:05

Health: -5/19      AC:  9    Str: 19    XL:     2   Next: 4%
Magic:  2/2        EV:  9    Int:  8    God:
Gold:   42         SH:  4    Dex:  9    Spells: 1/1 levels left

rFire   . . .      SeeInvis .    a - +0 war axe
rCold   . . .      Faith    .    c - +0 buckler
rNeg    + . .      Spirit   .    b - +0 scale mail
rPois   inf        Reflect  .    (no helmet)
rElec   +          Harm     .    (no cloak)
rCorr   .          Rampage  .    (no gloves)
Will    .....                    (no boots)
Stlth   ..........               (no amulet)
HPRegen 0.23/turn                (no ring)
MPRegen 0.08/turn                (no ring)

@: no status effects
A: sickness immunity, AC +2, negative energy resistance 1, electricity
resistance, torment resistance 1, petrification resistance
a: no special abilities


You were on level 1 of the Dungeon.
You visited 1 branch of the dungeon, and saw 1 of its levels.

You collected 42 gold pieces.


Innate Abilities, Weirdness & Mutations

You are immune to sickness and miasma.
Your stone body is resilient. (AC +2)
You are immune to poison.
You resist negative energy. (rN+)
You are resistant to electric shocks. (rElec)
You are resistant to unholy torment.
You are immune to petrification.


   Skills:
 - Level 3.2 Fighting
 + Level 2.4 Axes
 - Level 3.2 Armour
 - Level 3.2 Shields


You had one spell level left.
You didn't know any spells.
Your spell library was empty.

Inventory:

Hand Weapons
 a - a +0 war axe (weapon)
Missiles
 f - 5 javelins (quivered)
Armour
 b - a +0 scale mail (worn)
 c - a +0 buckler (worn)
Potions
 d - a potion of might
 e - a potion of attraction {unknown}

Dungeon Overview and Level Annotations

Branches:
Dungeon (1/15)

Altars:


Message History

The ball python grabs you. The ball python constricts you.
You block the ball python's attack. The ball python constricts you.
You slash the ball python!
You kill the ball python!
You start resting.
HP restored.
e - an emerald potion
Enter note:
f - 5 javelins An endoplasm comes into view.
The endoplasm quivers.
Throw: 5 javelins
Press: ? - help, Q - select action Shift-Dir - straight line, f - endoplasm You throw a javelin.
The javelin pierces through the endoplasm.
You kill the endoplasm!
f - 5 javelins (gained 1)
A bat comes into view.
Throw: 5 javelins
Press: ? - help, Q - select action Shift-Dir - straight line, f - bat You throw a javelin.
The javelin closely misses the bat.
The bat closely misses you.
You miss the bat. The bat hits you but does no damage.
The bat closely misses you.
You slash the bat!
You kill the bat!
You have reached level 2!
f - 5 javelins (gained 1) 2 kobolds come into view.
A kobold is wielding a +0 whip of distortion.
The kobold shouts! x2
Enter note: You barely miss the kobold.
The kobold hits you but does no damage. Space warps horribly around you!
Ouch! That really hurt!
You closely miss the kobold.
The kobold hits you with a +0 whip of distortion.
Space warps around you. The kobold hits you but does no damage.
Space warps horribly around you.
You die...

#.##......#
#.####.#...
#########.####.#...
..................#
##.###....#.....##
#..#......#....#..
#..###....#.....##
#................#
#@..###.....###...
#K### #.#.#.# #...
#K. ..##.## #..#
.... ....# #.#.
.....# ## # #.
....... .........
#..........


You could see 2 kobolds.

Vanquished Creatures
  A ball python (D:1)
  A bat (D:1)
  2 endoplasms (D:1)
  A frilled lizard (D:1)
  2 rats (D:1)
7 creatures vanquished.

Notes
Turn   | Place    | Note
-------+----------+-------------------------------------------
     0 | D:1      | qw the Gargoyle Fighter began the quest for the Orb.
     0 | D:1      | Reached XP level 1. HP: 14/14 MP: 1/1
     0 | D:1      | 0 ||| qw: Version: 0.2-a-17-g06abaee
     0 | D:1      | 0 ||| qw: Game counter: 2102
     0 | D:1      | 0 ||| qw: Always use a shield: true
     0 | D:1      | 0 ||| qw: God list: Okawaru
     0 | D:1      | 0 ||| qw: Allow faded altars: false
     0 | D:1      | 0 ||| qw: Do Orc after D:15 true
     0 | D:1      | 0 ||| qw: Do second Lair branch before Depths: true
     0 | D:1      | 0 ||| qw: Lair rune preference: random
     0 | D:1      | 0 ||| qw: Plans: Normal, Zot:1-4, God:TSO, Crypt, Tomb,
                  | Pan, Slime:5, Hells, Abyss, Orb
     0 | D:1      | 0 ||| PLANNING D:1-11
   141 | D:1      | Reached XP level 2. HP: 19/19 MP: 2/2
   170 | D:1      | HP: 4/19 [kobold/+0 whip of distortion (4)]
   170 | D:1      | HP: 1/19 [kobold/+0 whip of distortion (3)]
   170 | D:1      | Slain by a kobold

Levels and vault maps discovered:
D:1:      erik_arrival_blinker_ship, layout_loops_cross

Skill      XL: |  1 |
---------------+----+-----
Axes           | 2 |  2.4
Fighting       | |  3.2
Armour         | |  3.2
Shields        | |  3.2

Action                   || total
-------------------------++-------
Melee: War axe           ||    14
Throw: Javelin           ||     2
Armor: Scale mail        ||     6
Dodge: Dodged            ||     4
Block: Buckler           ||     2

Table legend:
 A = Non-vault XP
 B = Vault XP
 C = Vault XP percentage of total XP
 D = Non-vault monster count
 E = Vault monster count
 F = Vault count percentage of total count
                 A         B        C        D         E       F
            +---------+---------+-------+---------+---------+-------
      Total |      11 |       0 |   0.0 |       7 |       0 |   0.0
            +---------+---------+-------+---------+---------+-------
        D:1 |      11 |       0 |   0.0 |       7 |       0 |   0.0
            +---------+---------+-------+---------+---------+-------
